 Dungeon Crawl Stone Soup version 0.31-a0-1098-g6898e6545c (webtiles) character file.

Game seed: 9249591322618253118

98 graki42 the Conjurer (level 4, -2/27 HPs)
             Began as an Octopode Conjurer on Nov 30, 2023.
             Slain by an orc
             ... wielding a +0 short sword
              (5 damage)
             ... on level 3 of the Dungeon.
             The game lasted 00:05:27 (1711 turns).

graki42 the Conjurer (Octopode Conjurer)            Turns: 1711, Time: 00:05:28

Health: -2/27      AC:  1    Str:  8    XL:     4   Next: 71%
Magic:  5/7        EV: 13    Int: 20    God:
Gold:   73         SH:  0    Dex: 10    Spells: 4/8 levels left

rFire   . . .        b - +0 dagger
rCold   . . .        (no shield)
rNeg    . . .        (helmet restricted)
rPois   .            (no amulet)
rElec   .            (no ring)
rCorr   .            (no ring)
SInv    .            (no ring)
Will    .....        (no ring)
Stlth   +++          (no ring)
HPRegen 0.24/turn    (no ring)
MPRegen 0.10/turn    (no ring)
                     (no ring)

%: no passive effects
@: no status effects
A: almost no armour, amphibious, 8 rings, camouflage 1, gelatinous body 1,
(nimble swimmer 1), tentacles
a: no special abilities


You were on level 3 of the Dungeon.
You visited 1 branch of the dungeon, and saw 3 of its levels.

You collected 73 gold pieces.

Inventory:

Hand Weapons
 b - a +0 dagger (weapon)
Magical Staves
 i - a staff of death
Jewellery
 c - an amulet of reflection
Scrolls
 g - 2 scrolls of blinking
 h - a scroll of poison
 l - a scroll of fear
Potions
 a - a potion of magic
 d - a potion of resistance {unknown}
 f - 2 potions of curing {unknown}
 k - 2 potions of lignification {unknown}


   Skills:
 + Level 1.3 Short Blades
 + Level 2.7 Dodging
 + Level 3.8 Stealth
 + Level 2.5 Spellcasting
 + Level 4.4 Conjurations
 + Level 0.9 Hexes


You had 4 spell levels left.
You knew the following spells:

 Your Spells              Type           Power      Damage    Failure   Level
a - Magic Dart            Conj           80%        1d7       2%          1
b - Dazzling Flash        Conj/Hex       26%        N/A       16%         3

Your spell library contained the following spells:

 Spells                   Type           Power      Damage    Failure   Level
 Searing Ray              Conj           40%        2d5       3%          2
 Fulminant Prism          Conj/Hex       6%         3d7       45%         4
 Iskenderun's Mystic Bla  Conj/Tloc      11%        2d4       52%         4


Dungeon Overview and Level Annotations

Branches:
Dungeon (3/15)

Altars:


Innate Abilities, Weirdness & Mutations

You cannot wear most types of armour.
You are amphibious.
You can wear up to eight rings at the same time.
Your skin changes colour to match your surroundings (Stealth+).
Your rubbery body absorbs attacks. (AC +1, EV +1)
((You are camouflaged when in or above water. (Stealth+)))
You have tentacles for arms and can constrict up to eight enemies at once.


Message History

You constrict the orc, but do no damage.
The orc hits you with a +0 hand axe. The orc closely misses you.
You catch the helpless orc completely off-guard!
You puncture the orc!
You kill the orc!
The orc is no longer blind. x2; The orc hits you with a +0 club.
The orc barely misses you.
You closely miss the orc. You grab the orc. You squeeze the orc.
The orc is lightly wounded.
You constrict the orc, but do no damage.
The orc closely misses you. The orc hits you with a +0 hand axe.
You hit the orc.
The orc is moderately wounded.
You constrict the orc. The orc hits you with a +0 club.
The orc closely misses you.
You hit the orc but do no damage. You squeeze the orc.
You kill the orc!
The orc wizard closely misses you.
The orc wizard is no longer blind.
The orc wizard casts a spell at you. The puff of flame hits you.
You see here a +0 club.
The orc wizard hits you with a +0 dagger.
* * * LOW HITPOINT WARNING * * *
You see here a +0 club.
You barely miss the orc wizard. You grab the orc wizard.
The orc wizard is moderately wounded.
You constrict the orc wizard.
The orc wizard hits you with a +0 dagger.
* * * LOW HITPOINT WARNING * * *
You hit the orc wizard. You squeeze the orc wizard.
You kill the orc wizard!
You closely miss the orc. You grab the orc. You squeeze the orc.
The orc is moderately wounded.
You constrict the orc, but do no damage.
The orc hits you but does no damage.
You hit the orc but do no damage.
The orc is moderately wounded.
You constrict the orc. The orc hits you with a +0 short sword.
You die...

* *,,,,,,* * *,,,,,,* * *,,,,,,*
###**** * *,,,,,,* #.g,,,* *
*,,,,,,* #.#**,* * *,,,,,,* #.#
*,* * *,,,,,,* #.# *,*
****,,,,..############.###.###***
,,,,,,,,......oo@..........).!,,,
**,,,,,,......o#######.###....,,,
*,,,,,,.......* #.# *,,..,,,
**,,,,,,..$....* #.# *,...,,,
,,,,,,,,.......* #o# *...,,,,
**,,,,,,...####***** #.###.#*****
*,,,,,,...*~~*~*~~* #.#...*
*,,,,,,..,***~*~**###.#.###
*,,,,,,,,,~~~~*~~~#.......#


You could see 3 orcs.

Vanquished Creatures
  An orc wizard (D:3)
  An adder (D:2)
  A dart slug (D:1)
  2 orcs (D:3)
  4 ball pythons
  2 bats (D:2)
  4 endoplasms
  3 giant cockroaches (D:1)
  6 goblins
  3 hobgoblins
  10 jackals
  7 kobolds
  3 frilled lizards
  6 rats
53 creatures vanquished.

Notes
Turn   | Place    | Note
-------+----------+-------------------------------------------
     0 | D:1      | graki42 the Octopode Conjurer began the quest for the Orb.
     0 | D:1      | Reached XP level 1. HP: 11/11 MP: 3/3
   109 | D:1      | Reached XP level 2. HP: 17/17 MP: 5/5
   288 | D:1      | Reached XP level 3. HP: 13/21 MP: 6/6
   460 | D:1      | Learned a level 3 spell: Dazzling Flash
   876 | D:2      | Reached skill level 1 in Short Blades
  1204 | D:2      | Reached XP level 4. HP: 25/27 MP: 7/7
  1711 | D:3      | Slain by an orc

Illustrated notes

Levels and vault maps discovered:
D:1:      psy_arrival_dodecagon, layout_basic
D:2:      layout_loops_cross
D:3:      layout_basic, mainiacjoe_sewer_entry_somewhere_in_here_2,
          grunt_decor_cap, uniq_terence, uniq_ijyb, uniq_jessica

Skill      XL: |  1  2  3 |
---------------+----------+-----
Stealth        | 3 |  3.8
Short Blades   | 1 |  1.3
Dodging        | |  2.7
Spellcasting   | |  2.5
Conjurations   | |  4.4
Hexes          | |  0.9

Action                     |  1- 3 |  4- 6 || total
---------------------------+-------+-------++-------
  Melee: Dagger            |   100 |    20 ||   120
         Unarmed           |     5 |       ||     5
         Tentacles         |    29 |     9 ||    38
         Constrict         |    24 |     6 ||    30
         Punch             |     1 |       ||     1
   Cast: Magic Dart        |     4 |       ||     4
         Dazzling Flash    |       |     1 ||     1
    Use: Scroll            |       |     5 ||     5
   Stab: Sleeping          |    11 |       ||    11
         Invisible         |       |     1 ||     1
 Armour: Skin              |    40 |    14 ||    54
  Dodge: Dodged            |    54 |    10 ||    64

Table legend: (Time is in decaauts)
 A = Elapsed time spent in this place.
 B = Non-inter-level travel time spent in this place.
 C = Inter-level travel time spent in this place.
 D = Time resting spent in this place.
 E = Time spent auto-exploring this place.
 F = Levels seen in this place.
 G = Mean time per level.
                   A        B        C        D        E       F      G
               +--------+--------+--------+--------+--------+-----+--------+
         Total |   1706 |   1676 |     30 |    163 |   1112 |   3 |  568.7 |
       Dungeon |   1706 |   1676 |     30 |    163 |   1112 |   3 |  568.7 |
               +--------+--------+--------+--------+--------+-----+--------+

Top non-repeatable levels by time:
     D:2: 844 daAuts
     D:1: 740 daAuts
     D:3: 121 daAuts
